 Dungeon Crawl Stone Soup version 0.30.1-9-gdf580d7c3d (webtiles) character file.

Game seed: 10189363433181768288

36 bearlyready the Ruffian (level 3, -5/32 HPs)
             Began as a Troll Transmuter on Oct 16, 2023.
             Slain by Crazy Yiuf
             ... wielding a +4 quarterstaff of chaos
              (11 damage)
             ... on level 2 of the Dungeon.
             The game lasted 00:01:02 (1414 turns).

bearlyready the Ruffian (Troll Transmuter)          Turns: 1414, Time: 00:01:03

Health: -5/32      AC:  4    Str: 18    XL:     3   Next: 19%
Magic:  3/3        EV:  9    Int: 11    God:
Gold:   94         SH:  0    Dex: 10    Spells: 1/4 levels left

rFire   . .          .
                       - Unarmed
rCold   . . .        (no shield)
rNeg    . . .        a - +0 robe
rPois   .            (helmet restricted)
rElec   .            (no cloak)
rCorr   .            (gloves unavailable)
SInv    .            (boots unavailable)
Will    .....        (no amulet)
Stlth   +            (no ring)
HPRegen 1.05/turn    (no ring)
MPRegen 0.08/turn

%: no passive effects
@: no status effects
A: large, unfitting armour, claws 3, regeneration 1, shaggy fur 1, tough skin 1
a: no special abilities


You were on level 2 of the Dungeon.
You visited 1 branch of the dungeon, and saw 2 of its levels.

You collected 94 gold pieces.

Inventory:

Armour
 a - a +0 robe (worn)
Scrolls
 c - 3 scrolls of teleportation {unknown}
 e - a scroll of magic mapping {unknown}
 f - 2 scrolls of noise {unknown}
 g - a scroll of vulnerability {unknown}
 i - a scroll of immolation {unknown}
 j - a scroll of identify {unknown}
 l - a scroll of amnesia {unknown}
Potions
 b - 2 potions of lignification
 d - 2 potions of curing {unknown}
 h - a potion of mutation {unknown}
 k - a potion of attraction {unknown}


   Skills:
 - Level 0.7 Fighting
 - Level 1.5 Dodging
 + Level 3.7 Unarmed Combat
 - Level 1.2 Spellcasting
 + Level 2.1 Transmutations


You had one spell level left.
You knew the following spells:

 Your Spells              Type           Power      Damage    Failure   Level
a - Beastly Appendage     Tmut           10%        N/A       13%         1
b - Wereblood             Tmut           5%         N/A       21%         2

Your spell library contained the following spells:

 Spells                   Type           Power      Damage    Failure   Level
 Sandblast                Erth           0%         2d4       32%         1
 Passwall                 Tmut/Erth      2%         N/A       30%         2
 Spider Form              Tmut/Pois      3%         N/A       52%         3
 Stone Arrow              Conj/Erth      0%         3d7       67%         3
 Ice Form                 Ice/Tmut       3%         N/A       90%         4


Dungeon Overview and Level Annotations

Branches:
Dungeon (2/15)

Altars:

Annotations:
D:2 Crazy Yiuf


Innate Abilities, Weirdness & Mutations

You are too large for most types of armour.
You have claws for hands.
Your natural rate of healing is unusually fast.
You are covered in fur. (AC +1)
You have tough skin. (AC +1)


Message History

Found a stone staircase leading down.
There is a stone staircase leading down here.
Found a sling.
There is a stone staircase leading down here.
Found 3 stones.
There is a stone staircase leading down here.
You see here a +0 sling.
l - a scroll labelled POSIXU HENUX
Found a stone staircase leading up.
Found a stone staircase leading down.
You see here a +0 chain mail.
You see here a +0 whip.
You enter the shallow water.
There is an escape hatch in the floor here.
There is a stone staircase leading down here.
Crazy Yiuf shouts!
Could not explore, unopened runed door.
You open the door.
Crazy Yiuf cries, "Goober green tea!"
You scratch Crazy Yiuf.
Crazy Yiuf is lightly wounded.
Crazy Yiuf whimpers, "Sif Muna ladder mobile!"
Crazy Yiuf hits you with a +4 quarterstaff of chaos!
Crazy Yiuf freezes you.
You barely miss Crazy Yiuf.
Crazy Yiuf is lightly wounded.
Crazy Yiuf closely misses you.
You claw Crazy Yiuf!
Crazy Yiuf is moderately wounded.
Crazy Yiuf misses you.
You claw Crazy Yiuf!
Crazy Yiuf is severely wounded.
Crazy Yiuf hits you with a +4 quarterstaff of chaos!
Ouch! That really hurt!
Crazy Yiuf burns you.
* * * LOW HITPOINT WARNING * * *
You barely miss Crazy Yiuf.
Crazy Yiuf is severely wounded.
Crazy Yiuf hits you with a +4 quarterstaff of chaos!
You die...

.# #.......# ##....# .#
#.......# #....# .#
#.......# ♣..P.♣ .#
#.......# ♣♣.P.♣ .#
#.......# ♣♣.♣♣ .# #.......#
♣♣.♣ ## #.......# ♣.♣♣
#######.# ♣♣.♣ ####### #..#
♣@♣♣ ......# #.## #g#
#####.###.## ... ####
#......# #...# #..# #.....##
#)..# ##.# ###### ##.....#
##### ##.# #..... ##.#..#
#..####.#### ##.####
#######.........#
#...########.##.##.####.##..


You could see Crazy Yiuf.

Vanquished Creatures
  An adder (D:2)
  A worm (D:2)
  A bat (D:2)
  A giant cockroach (D:2)
  4 goblins (D:1)
  2 hobgoblins (D:1)
  4 jackals (D:1)
  2 quokkas
  3 kobolds
  4 rats (D:1)
23 creatures vanquished.

Notes
Turn   | Place    | Note
-------+----------+-------------------------------------------
     0 | D:1      | bearlyready the Troll Transmuter began the quest for the
                  | Orb.
     0 | D:1      | Reached XP level 1. HP: 18/18 MP: 1/1
    94 | D:1      | Reached XP level 2. HP: 26/26 MP: 2/2
   713 | D:2      | Reached XP level 3. HP: 30/32 MP: 3/3
   777 | D:2      | Learned a level 2 spell: Wereblood
   845 | D:2      | Found a runed translucent door.
   846 | D:2      | Noticed Crazy Yiuf
  1414 | D:2      | Slain by Crazy Yiuf

Illustrated notes

Levels and vault maps discovered:
D:1:      erik_arrival_orb_chamber, layout_rooms, grunt_decor_junction,
          minmay_liquid_box, grunt_decor_clamped
D:2:      layout_loops_cross, chequers_serial_rivers_micro_a,
          uniq_crazy_yiuf_cottage

Skill      XL: |  1  2 |
---------------+-------+-----
Transmutations | 2 |  2.1
Fighting       | |  0.7
Dodging        | |  1.5
Unarmed Combat | |  3.7
Spellcasting   | |  1.2

Action                     || total
---------------------------++-------
  Melee: Unarmed           ||    60
   Cast: Beastly Appendage ||     1
 Armour: Robe              ||     8
  Dodge: Dodged            ||    26
